NULL
Full Scoreboard »»

Penguins vs Maple Leafs

Created - January 3, 2024 at 23:39

Goals
1 2 3 OT1 SO T
Penguins 1 0 4 0 1 6
Maple Leafs 2 3 0 0 0 5
Shots
1 2 3 OT1 SO T
Penguins 13 11 14 0 3 38
Maple Leafs 11 16 10 1 3 38

GoalsPenalties
1st period
1. Penguins , Sean Monahan 5 (Thomas Chabot 3) at 4:03
2. Maple Leafs , Dylan Strome 8 (Michael Bunting 5, Carter Verhaeghe 9) at 5:31
3. Maple Leafs , Carter Verhaeghe 7 (Dylan Strome 14, Michael Bunting 6) at 9:27
2nd period
4. Maple Leafs , Michael Bunting 8 (Carter Verhaeghe 10, Dylan Strome 15) at 7:38 (PP)
5. Maple Leafs , Andrew Peeke 1 (William Nylander 17, Jonathan Marchessault 11) at 8:46
6. Maple Leafs , Dylan Strome 9 (Carter Verhaeghe 11) at 17:37
Matt Boldy (PIT) for Cross-checking (Minor) at 7:01
Andrew Peeke (TOR) for Fighting (Major) at 19:41
Joel Edmundson (PIT) for Fighting (Major) at 19:41
3rd period
7. Penguins , Thomas Chabot 2 (Joe Pavelski 11, Tyler Seguin 11) at 2:17 (PP)
8. Penguins , Tyler Seguin 4 (Jake Guentzel 12, Joe Pavelski 12) at 2:47
9. Penguins , Jake Guentzel 9 (Mattias Ekholm 3) at 8:40 (PP)
10. Penguins , Joe Pavelski 9 (Jake Guentzel 13, Tyler Seguin 12) at 17:51
Nick Suzuki (TOR) for Hooking (Minor) at 2:06
Dylan Strome (TOR) for Hooking (Minor) at 4:01
Kris Letang (TOR) for Boarding (Minor) at 7:28
Kris Letang (TOR) for Hooking (Minor) at 18:33
Overtime #1
No Goal
Shootout
Penguins, Joe Pavelski - Stopped by Connor Ingram
Maple Leafs, William Nylander - Stopped by Ilya Sorokin
Penguins, Jake Guentzel - Stopped by Connor Ingram
Maple Leafs, Jonathan Marchessault - Stopped by Ilya Sorokin
Penguins, Matt Boldy - Goal!
Maple Leafs, Dylan Strome - Stopped by Ilya Sorokin
Goalie Stats
Ilya Sorokin (PIT), 33 saves from 38 shots - (0.868), W, 6-4-4, 65:00 minutes
Connor Ingram (TOR), 33 saves from 38 shots - (0.868), OTL, 3-2-1, 65:00 minutes
3 StarsOfficial
1 - Carter Verhaeghe (TOR)
2 - Dylan Strome (TOR)
3 - Michael Bunting (TOR)
Referees : Unknown
Linesman : Unknown
Game Note
Andrew Peeke and Joel Edmundson fight to a draw at 19:41 of 2nd period



Team Name Goals Shots Shots Attemp Shots Blocked PIM HIT PP PK FO%
Penguins 63870147272 / 4 (50%)158%
Maple Leafs 538721213231 / 1 (100%)242%

Penguins
Player Name POS G A P +/- PIM HIT SHT SB MP PP MP PP SHT PK MP PK SHT FO% FOT GA TA
Alex GoligoskiD0002001219:322:2300:1200% 000
Arthur KaliyevLW000000018:370:0000:2100% 000
Brock McGinnLW/RW000000118:360:0300:0000% 100
Charlie CoyleC/LW/RW000-1024118:422:2200:00064% 2800
Evan RodriguesC/LW/RW000-1013018:172:2200:0000% 100
Evgeny SvechnikovLW/RW000-2051015:500:0000:0000% 011
Jake GuentzelC/LW/RW1232016019:482:2310:1600% 021
Joe PavelskiC/RW1232013119:542:2310:16060% 2000
Joel EdmundsonD000-2500015:490:0000:0000% 002
Marc-Edouard VlasicD000-2010216:400:0000:0000% 000
Matt BoldyLW000-1251018:492:2200:0000% 010
Mattias EkholmD011-1012026:392:2500:2500% 002
Pat MaroonLW/RW000-2041216:100:0300:0000% 000
Ryan PulockD0002011225:432:2300:1200% 001
Sean MonahanC101-2037016:370:0300:00058% 1200
Thomas ChabotD112-1012221:162:2510:2500% 003
Tyler SeguinC/RW1232005019:462:2310:21067% 300
Zack MacEwenC/RW000001008:160:0000:0000% 201
Maple Leafs
Player Name POS G A P +/- PIM HIT SHT SB MP PP MP PP SHT PK MP PK SHT FO% FOT GA TA
Andrew PeekeD1011501114:280:0000:0100% 001
Calle JarnkrokC/LW/RW000002106:530:0000:3500% 000
Carter VerhaegheC/LW/RW1343042017:260:1300:0200% 110
Dawson MercerC/RW0000003117:360:0000:4400% 000
Dylan StromeC/LW2243225119:060:1301:09355% 2010
Jake BeanD0001011418:300:0001:3700% 000
Jason SpezzaC000000006:170:0000:00033% 301
Jonathan MarchessaultC/LW/RW011-2023019:490:2402:45033% 300
Kris LetangD0001423224:450:0001:1000% 020
Michael BuntingLW/RW1233033017:400:1310:0000% 101
Morgan RiellyD0001001226:020:0002:4700% 010
Nick SuzukiC/RW000-2223019:070:2402:06050% 210
Pierre EngvallC/LW000000101:110:0000:0000% 000
Ross ColtonC/LW/RW0000022116:520:0000:000100% 100
Ryan GravesD000-1001022:400:3702:3400% 001
Sean DurziD000-1010019:430:3702:3400% 000
Will SmithC0000011017:330:0000:00043% 1430
William NylanderC/LW/RW011-2017024:570:2402:48032% 2220

Penguins

5 vs 5 Forward
Line #Left WingCenterRight WingPHYDFOFWanted %Time %Time Play
1Jake GuentzelJoe PavelskiTyler Seguin1223028%15:23
2Matt BoldyCharlie CoyleEvan Rodrigues1223028%15:06
3Pat MaroonSean MonahanEvgeny Svechnikov1223029%15:50
4Arthur KaliyevZack MacEwenBrock McGinn1221015%8:16
5 vs 5 Defense
Line #DefenseDefensePHYDFOFWanted %Time %Time Play
1Mattias EkholmThomas Chabot1223030%16:38
2Ryan PulockAlex Goligoski1223030%16:25
3Marc-Edouard VlasicJoel Edmundson1223031%16:40
4Ryan PulockMattias Ekholm122109%4:52
Power Play Forward
Line #Left WingCenterRight WingPHYDFOFWanted %Time %Time Play
1Jake GuentzelJoe PavelskiTyler Seguin1225050%2:23
2Matt BoldyCharlie CoyleEvan Rodrigues1225050%2:25
Power Play Defense
Line #DefenseDefensePHYDFOFWanted %Time %Time Play
1Mattias EkholmThomas Chabot1225050%2:25
2Ryan PulockAlex Goligoski1225050%2:23
Penalty Kill 4 Players Forward
Line #CenterWingPHYDFOFWanted %Time %Time Play
1Joe PavelskiJake Guentzel1225043%0:16
2Matt BoldyTyler Seguin1225057%0:21
Penalty Kill 4 Players Defense
Line #DefenseDefensePHYDFOFWanted %Time %Time Play
1Mattias EkholmThomas Chabot1225068%0:25
2Ryan PulockAlex Goligoski1225032%0:12
Penalty Kill 3 Players
Line #WingPHYDFOFWanted %Time %Time PlayDefenseDefensePHYDFOFWanted %Time %Time Play
1Joe Pavelski122500%0:00 Mattias EkholmThomas Chabot122500%0:00
2Jake Guentzel122500%0:00 Ryan PulockAlex Goligoski122500%0:00
4 vs 4 Forward
Line #CenterWingPHYDFOFWanted %Time %Time Play
1Joe PavelskiJake Guentzel1225061%0:20
2Matt BoldyTyler Seguin1225039%0:13
4 vs 4 Defense
Line #DefensePHYDFOFWanted %Time %Time Play
1Mattias EkholmThomas Chabot12250100%50% - 0:33
2Ryan PulockAlex Goligoski122500%50% - 0:00
Last Minutes Offensive
Left WingCenterRight WingDefenseDefense
Jake GuentzelJoe PavelskiTyler SeguinMattias EkholmThomas Chabot
Last Minutes Defensive
Left WingCenterRight WingDefenseDefense
Jake GuentzelJoe PavelskiTyler SeguinMattias EkholmThomas Chabot
Time
Total ForwardTotal DefenseLast Minutes OffensiveLast Minutes Defensive
60:33 60:33 0:000:00
Extra Forwards
Normal PowerPlayPenalty Kill
Sean Monahan, Pat Maroon, Arthur KaliyevSean Monahan, Pat MaroonArthur Kaliyev
Extra Defensemen
Normal PowerPlayPenalty Kill
Marc-Edouard Vlasic, Joel Edmundson, Ryan PulockMarc-Edouard Vlasic, Joel EdmundsonRyan Pulock
Penalty Shots
Joe Pavelski, Jake Guentzel, Matt Boldy, Tyler Seguin, Charlie Coyle
Goalie
Ilya Sorokin, Scott Wedgewood
Custom OT Lines Forwards
Joe Pavelski, Jake Guentzel, Matt Boldy, Tyler Seguin, Charlie Coyle, Evan Rodrigues, Sean Monahan, Pat Maroon, Arthur Kaliyev, Evgeny Svechnikov
Custom OT Lines Defensemen
Mattias Ekholm, Thomas Chabot, Ryan Pulock, Alex Goligoski, Marc-Edouard Vlasic
Scratches
Dominik Simon (Healthy), Robert Hagg (Healthy)

Maple Leafs

5 vs 5 Forward
Line #Left WingCenterRight WingPHYDFOFWanted %Time %Time Play
1Jonathan MarchessaultWilliam NylanderNick Suzuki1223028%15:13
2Michael BuntingDylan StromeCarter Verhaeghe1223030%16:13
3Ross ColtonWill SmithDawson Mercer1223031%16:52
4Calle JarnkrokJason SpezzaWilliam Nylander1221012%6:17
5 vs 5 Defense
Line #DefenseDefensePHYDFOFWanted %Time %Time Play
1Kris LetangMorgan Rielly1223031%16:54
2Ryan GravesSean Durzi1223030%16:32
3Andrew PeekeJake Bean1223030%16:26
4Kris LetangMorgan Rielly122109%4:43
Power Play Forward
Line #Left WingCenterRight WingPHYDFOFWanted %Time %Time Play
1Jonathan MarchessaultWilliam NylanderNick Suzuki1225065%0:24
2Michael BuntingDylan StromeCarter Verhaeghe1225035%0:13
Power Play Defense
Line #DefenseDefensePHYDFOFWanted %Time %Time Play
1Kris LetangMorgan Rielly122500%0:00
2Ryan GravesSean Durzi12250100%0:37
Penalty Kill 4 Players Forward
Line #CenterWingPHYDFOFWanted %Time %Time Play
1William NylanderJonathan Marchessault1225052%2:30
2Dylan StromeNick Suzuki1225048%2:18
Penalty Kill 4 Players Defense
Line #DefenseDefensePHYDFOFWanted %Time %Time Play
1Kris LetangMorgan Rielly1225047%2:14
2Ryan GravesSean Durzi1225053%2:34
Penalty Kill 3 Players
Line #WingPHYDFOFWanted %Time %Time PlayDefenseDefensePHYDFOFWanted %Time %Time Play
1William Nylander1225055%0:18 Kris LetangMorgan Rielly12250100%0:33
2Jonathan Marchessault1225045%0:15 Ryan GravesSean Durzi122500%0:00
4 vs 4 Forward
Line #CenterWingPHYDFOFWanted %Time %Time Play
1William NylanderJonathan Marchessault122500%0:00
2Dylan StromeNick Suzuki122500%0:00
4 vs 4 Defense
Line #DefensePHYDFOFWanted %Time %Time Play
1Kris LetangMorgan Rielly122500%0:00
2Ryan GravesSean Durzi122500%0:00
Last Minutes Offensive
Left WingCenterRight WingDefenseDefense
Jonathan MarchessaultWilliam NylanderNick SuzukiKris LetangMorgan Rielly
Last Minutes Defensive
Left WingCenterRight WingDefenseDefense
Jonathan MarchessaultWilliam NylanderNick SuzukiKris LetangMorgan Rielly
Time
Total ForwardTotal DefenseLast Minutes OffensiveLast Minutes Defensive
60:33 60:33 0:000:00
Extra Forwards
Normal PowerPlayPenalty Kill
Pierre Engvall, Will Smith, Dawson MercerPierre Engvall, Will SmithDawson Mercer
Extra Defensemen
Normal PowerPlayPenalty Kill
Andrew Peeke, Jake Bean, Ryan GravesAndrew Peeke, Jake BeanRyan Graves
Penalty Shots
William Nylander, Jonathan Marchessault, Dylan Strome, Nick Suzuki, Michael Bunting
Goalie
Connor Ingram, Marc-Andre Fleury
Custom OT Lines Forwards
William Nylander, Jonathan Marchessault, Dylan Strome, Nick Suzuki, Michael Bunting, Carter Verhaeghe, Will Smith, Dawson Mercer, Jason Spezza, Ross Colton
Custom OT Lines Defensemen
Kris Letang, Morgan Rielly, Ryan Graves, Sean Durzi, Andrew Peeke
Scratches
Danton Heinen (Healthy), Matthew Highmore (Healthy), Arvid Soderblom (Healthy)


Play-by-Play

1st period


0:01 of 1st period - William Nylander wins face-off versus Tyler Seguin in neutral zone.
0:04 of 1st period - Wrist shot by Jonathan Marchessault.
0:04 of 1st period - Deflect By Mattias Ekholm.
0:04 of 1st period - Shot Blocked by Joe Pavelski.
0:04 of 1st period - Puck is out of play.
0:05 of 1st period - Joe Pavelski wins face-off versus William Nylander in Penguins zone.
0:05 of 1st period - Joe Pavelski is hit by Jonathan Marchessault.
0:49 of 1st period - Icing by Michael Bunting.
0:50 of 1st period - Will Smith wins face-off versus Sean Monahan in Maple Leafs zone.
1:15 of 1st period - Ryan Pulock is hit by Calle Jarnkrok and loses puck.
2:16 of 1st period - Snap shot by William Nylander.
2:16 of 1st period - Shot Misses the Net.
3:14 of 1st period - Andrew Peeke is hit by Ryan Pulock and loses puck.
3:19 of 1st period - Wrist shot by Tyler Seguin.
3:19 of 1st period - Stopped by Connor Ingram without a rebound.
3:20 of 1st period - Joe Pavelski wins face-off versus Will Smith in Maple Leafs zone.
3:41 of 1st period - Backhand shot by Tyler Seguin.
3:41 of 1st period - Stopped by Connor Ingram with a rebound.
3:47 of 1st period - Snap shot by Jake Guentzel.
3:47 of 1st period - Stopped by Connor Ingram without a rebound.
3:48 of 1st period - Sean Monahan wins face-off versus William Nylander in Maple Leafs zone.
4:03 of 1st period - Wrist shot by Sean Monahan.
4:03 of 1st period - Goal by Sean Monahan - Penguins : 1 - Maple Leafs : 0.
4:04 of 1st period - Dylan Strome wins face-off versus Sean Monahan in neutral zone.
4:11 of 1st period - Slapshot by Alex Goligoski.
4:11 of 1st period - Shot Blocked by Morgan Rielly.
4:13 of 1st period - Snap shot by Alex Goligoski.
4:13 of 1st period - Stopped by Connor Ingram with a rebound.
5:10 of 1st period - Wrist shot by William Nylander.
5:10 of 1st period - Shot Blocked by Marc-Edouard Vlasic.
5:15 of 1st period - Off-side.
5:16 of 1st period - Sean Monahan wins face-off versus Dylan Strome in neutral zone.
5:23 of 1st period - Slapshot by Thomas Chabot.
5:23 of 1st period - Deflect By Sean Monahan.
5:23 of 1st period - Stopped by Connor Ingram with a rebound.
5:29 of 1st period - Slapshot by Michael Bunting.
5:29 of 1st period - Shot Misses the Net.
5:31 of 1st period - Snap shot by Dylan Strome.
5:31 of 1st period - Goal by Dylan Strome - Penguins : 1 - Maple Leafs : 1.
5:32 of 1st period - William Nylander wins face-off versus Charlie Coyle in neutral zone.
5:45 of 1st period - Slapshot by William Nylander.
5:45 of 1st period - Shot Misses the Net.
5:49 of 1st period - Slapshot by Jonathan Marchessault.
5:49 of 1st period - Shot Blocked by Thomas Chabot.
5:59 of 1st period - Michael Bunting is hit by Evgeny Svechnikov.
6:05 of 1st period - Pat Maroon is hit by Michael Bunting and loses puck.
7:00 of 1st period - Dylan Strome is hit by Matt Boldy and loses puck.
7:19 of 1st period - Pat Maroon is hit by Sean Durzi and loses puck.
7:30 of 1st period - William Nylander is hit by Evgeny Svechnikov and loses puck.
7:51 of 1st period - Wrist shot by Will Smith.
7:51 of 1st period - Stopped by Ilya Sorokin without a rebound.
7:52 of 1st period - Will Smith wins face-off versus Joe Pavelski in Penguins zone.
7:55 of 1st period - Snap shot by Dawson Mercer.
7:55 of 1st period - Shot Misses the Net.
9:27 of 1st period - Slapshot by Carter Verhaeghe.
9:27 of 1st period - Goal by Carter Verhaeghe - Penguins : 1 - Maple Leafs : 2.
9:28 of 1st period - William Nylander wins face-off versus Charlie Coyle in neutral zone.
9:35 of 1st period - Ryan Pulock is hit by Jonathan Marchessault and loses puck.
10:21 of 1st period - Slapshot by Jake Guentzel.
10:21 of 1st period - Shot Blocked by Dylan Strome.
10:23 of 1st period - Slapshot by Alex Goligoski.
10:23 of 1st period - Deflect By Joe Pavelski.
10:23 of 1st period - Shot Misses the Net.
10:23 of 1st period - Puck is out of play.
10:24 of 1st period - Charlie Coyle wins face-off versus William Nylander in Maple Leafs zone.
10:33 of 1st period - Snap shot by Evan Rodrigues.
10:33 of 1st period - Shot Misses the Net.
10:35 of 1st period - Snap shot by Evan Rodrigues.
10:35 of 1st period - Stopped by Connor Ingram without a rebound.
10:36 of 1st period - William Nylander wins face-off versus Charlie Coyle in Maple Leafs zone.
12:02 of 1st period - Andrew Peeke is hit by Charlie Coyle and loses puck.
14:13 of 1st period - Snap shot by Evan Rodrigues.
14:13 of 1st period - Shot Misses the Net.
14:15 of 1st period - Wrist shot by Matt Boldy.
14:15 of 1st period - Shot Misses the Net.
14:17 of 1st period - Slapshot by Charlie Coyle.
14:17 of 1st period - Stopped by Connor Ingram with a rebound.
14:27 of 1st period - Ryan Pulock is hit by Michael Bunting.
14:31 of 1st period - Dylan Strome is hit by Zack MacEwen and loses puck.
14:52 of 1st period - Dawson Mercer is hit by Sean Monahan and loses puck.
16:44 of 1st period - Icing by Mattias Ekholm.
16:45 of 1st period - Charlie Coyle wins face-off versus Dylan Strome in Penguins zone.
16:54 of 1st period - Snap shot by Michael Bunting.
16:54 of 1st period - Stopped by Ilya Sorokin with a rebound.
16:56 of 1st period - Slapshot by Ryan Graves.
16:56 of 1st period - Deflect By Dylan Strome.
16:56 of 1st period - Shot Misses the Net.
16:56 of 1st period - Puck is out of play.
16:57 of 1st period - Charlie Coyle wins face-off versus Jonathan Marchessault in Penguins zone.
16:57 of 1st period - Charlie Coyle is hit by Kris Letang.
17:07 of 1st period - Slapshot by William Nylander.
17:07 of 1st period - Stopped by Ilya Sorokin with a rebound.
17:09 of 1st period - Snap shot by Kris Letang.
17:09 of 1st period - Stopped by Ilya Sorokin with a rebound.
17:11 of 1st period - Slapshot by Kris Letang.
17:11 of 1st period - Shot Blocked by Ryan Pulock.
17:13 of 1st period - Snap shot by Nick Suzuki.
17:13 of 1st period - Stopped by Ilya Sorokin without a rebound.
17:14 of 1st period - Sean Monahan wins face-off versus Will Smith in Penguins zone.
17:23 of 1st period - Snap shot by Pat Maroon.
17:23 of 1st period - Deflect By Sean Monahan.
17:23 of 1st period - Shot Misses the Net.
17:23 of 1st period - Puck is out of play.
17:24 of 1st period - Ross Colton wins face-off versus Sean Monahan in Maple Leafs zone.
17:30 of 1st period - Wrist shot by Sean Monahan.
17:30 of 1st period - Stopped by Connor Ingram with a rebound.
17:32 of 1st period - Wrist shot by Evgeny Svechnikov.
17:32 of 1st period - Shot Blocked by Ross Colton.
17:34 of 1st period - Wrist shot by Pat Maroon.
17:34 of 1st period - Stopped by Connor Ingram with a rebound.
17:36 of 1st period - Snap shot by Pat Maroon.
17:36 of 1st period - Deflect By Sean Monahan.
17:36 of 1st period - Stopped by Connor Ingram without a rebound.
17:37 of 1st period - Joe Pavelski wins face-off versus William Nylander in Maple Leafs zone.
17:44 of 1st period - Slapshot by Jake Guentzel.
17:44 of 1st period - Stopped by Connor Ingram with a rebound.
17:46 of 1st period - Wrist shot by Jake Guentzel.
17:46 of 1st period - Stopped by Connor Ingram with a rebound.
17:48 of 1st period - Snap shot by Joe Pavelski.
17:48 of 1st period - Shot Misses the Net.
18:02 of 1st period - Nick Suzuki is hit by Sean Monahan.
18:06 of 1st period - Wrist shot by William Nylander.
18:06 of 1st period - Stopped by Ilya Sorokin with a rebound.
18:12 of 1st period - Snap shot by Jonathan Marchessault.
18:12 of 1st period - Shot Misses the Net.
18:14 of 1st period - Snap shot by Ryan Graves.
18:14 of 1st period - Stopped by Ilya Sorokin with a rebound.
18:16 of 1st period - Slapshot by Ryan Graves.
18:16 of 1st period - Shot Misses the Net.
18:20 of 1st period - Snap shot by Jonathan Marchessault.
18:20 of 1st period - Shot Misses the Net.
18:22 of 1st period - Wrist shot by William Nylander.
18:22 of 1st period - Stopped by Ilya Sorokin with a rebound.
18:24 of 1st period - Slapshot by William Nylander.
18:24 of 1st period - Shot Blocked by Pat Maroon.
18:26 of 1st period - Wrist shot by Nick Suzuki.
18:26 of 1st period - Stopped by Ilya Sorokin without a rebound.
18:27 of 1st period - Charlie Coyle wins face-off versus Dylan Strome in Penguins zone.
18:27 of 1st period - Matt Boldy is hit by Carter Verhaeghe and loses puck.
18:43 of 1st period - Carter Verhaeghe is hit by Matt Boldy and loses puck.
19:23 of 1st period - Slapshot by Sean Monahan.
19:23 of 1st period - Shot Blocked by Jake Bean.
Goals for this period are 1 for Penguins vs 2 for Maple Leafs.
Shots for this period are 13 for Penguins vs 11 for Maple Leafs.

2nd period


0:01 of 2nd period - Dylan Strome wins face-off versus Charlie Coyle in neutral zone.
0:26 of 2nd period - Jake Guentzel is hit by Ross Colton and loses puck.
0:37 of 2nd period - Snap shot by Dawson Mercer.
0:37 of 2nd period - Stopped by Ilya Sorokin without a rebound.
0:38 of 2nd period - Charlie Coyle wins face-off versus William Nylander in Penguins zone.
0:53 of 2nd period - Snap shot by Matt Boldy.
0:53 of 2nd period - Shot Misses the Net.
1:03 of 2nd period - Snap shot by William Nylander.
1:03 of 2nd period - Stopped by Ilya Sorokin with a rebound.
1:31 of 2nd period - Snap shot by Michael Bunting.
1:31 of 2nd period - Stopped by Ilya Sorokin with a rebound.
1:48 of 2nd period - Icing by Mattias Ekholm.
1:49 of 2nd period - Jason Spezza wins face-off versus Brock McGinn in Penguins zone.
1:56 of 2nd period - Wrist shot by William Nylander.
1:56 of 2nd period - Shot Blocked by Thomas Chabot.
1:58 of 2nd period - Slapshot by Morgan Rielly.
1:58 of 2nd period - Deflect By William Nylander.
1:58 of 2nd period - Shot Blocked by Brock McGinn.
1:58 of 2nd period - Puck is out of play.
1:59 of 2nd period - Charlie Coyle wins face-off versus Will Smith in Penguins zone.
2:08 of 2nd period - Wrist shot by Matt Boldy.
2:08 of 2nd period - Shot Blocked by Kris Letang.
3:02 of 2nd period - Wrist shot by Dawson Mercer.
3:02 of 2nd period - Stopped by Ilya Sorokin without a rebound.
3:03 of 2nd period - William Nylander wins face-off versus Charlie Coyle in Penguins zone.
3:06 of 2nd period - Slapshot by Jonathan Marchessault.
3:06 of 2nd period - Stopped by Ilya Sorokin with a rebound.
3:34 of 2nd period - Snap shot by Sean Monahan.
3:34 of 2nd period - Shot Blocked by Andrew Peeke.
3:36 of 2nd period - Snap shot by Sean Monahan.
3:36 of 2nd period - Shot Misses the Net.
4:42 of 2nd period - Wrist shot by Dylan Strome.
4:42 of 2nd period - Shot Blocked by Charlie Coyle.
4:48 of 2nd period - Backhand shot by Matt Boldy.
4:48 of 2nd period - Shot Misses the Net.
5:07 of 2nd period - Slapshot by Mattias Ekholm.
5:07 of 2nd period - Deflect By Dylan Strome.
5:07 of 2nd period - Stopped by Connor Ingram without a rebound.
5:08 of 2nd period - Tyler Seguin wins face-off versus Dylan Strome in Maple Leafs zone.
5:28 of 2nd period - Icing by Tyler Seguin.
5:29 of 2nd period - Will Smith wins face-off versus Joe Pavelski in Penguins zone.
5:30 of 2nd period - Snap shot by Dawson Mercer.
5:30 of 2nd period - Deflect By Will Smith.
5:30 of 2nd period - Shot Misses the Net.
5:30 of 2nd period - Puck is out of play.
5:31 of 2nd period - Charlie Coyle wins face-off versus Will Smith in Penguins zone.
5:44 of 2nd period - Snap shot by Evan Rodrigues.
5:44 of 2nd period - Stopped by Connor Ingram with a rebound.
6:25 of 2nd period - Snap shot by Calle Jarnkrok.
6:25 of 2nd period - Stopped by Ilya Sorokin with a rebound.
7:01 of 2nd period - Minor Penalty to Matt Boldy for Cross-checking.
7:02 of 2nd period - Nick Suzuki wins face-off versus Joe Pavelski in Penguins zone.
7:36 of 2nd period - Snap shot by Carter Verhaeghe.
7:36 of 2nd period - Shot Blocked by Alex Goligoski.
7:38 of 2nd period - Wrist shot by Michael Bunting.
7:38 of 2nd period - Goal by Michael Bunting - Penguins : 1 - Maple Leafs : 3.
7:39 of 2nd period - Sean Monahan wins face-off versus Dylan Strome in neutral zone.
7:48 of 2nd period - Wrist shot by Sean Monahan.
7:48 of 2nd period - Stopped by Connor Ingram with a rebound.
7:50 of 2nd period - Slapshot by Sean Monahan.
7:50 of 2nd period - Shot Misses the Net.
7:52 of 2nd period - Snap shot by Evgeny Svechnikov.
7:52 of 2nd period - Stopped by Connor Ingram with a rebound.
7:54 of 2nd period - Snap shot by Sean Monahan.
7:54 of 2nd period - Stopped by Connor Ingram without a rebound.
7:55 of 2nd period - Charlie Coyle wins face-off versus Jonathan Marchessault in Maple Leafs zone.
8:04 of 2nd period - Snap shot by Jonathan Marchessault.
8:04 of 2nd period - Stopped by Ilya Sorokin with a rebound.
8:20 of 2nd period - Morgan Rielly is hit by Pat Maroon.
8:28 of 2nd period - Wrist shot by Jonathan Marchessault.
8:28 of 2nd period - Stopped by Ilya Sorokin with a rebound.
8:34 of 2nd period - Wrist shot by William Nylander.
8:34 of 2nd period - Shot Misses the Net.
8:36 of 2nd period - Slapshot by Sean Durzi.
8:36 of 2nd period - Shot Misses the Net.
8:38 of 2nd period - Snap shot by Nick Suzuki.
8:38 of 2nd period - Stopped by Ilya Sorokin with a rebound.
8:44 of 2nd period - Snap shot by William Nylander.
8:44 of 2nd period - Shot Misses the Net.
8:46 of 2nd period - Slapshot by Andrew Peeke.
8:46 of 2nd period - Goal by Andrew Peeke - Penguins : 1 - Maple Leafs : 4.
8:47 of 2nd period - Tyler Seguin wins face-off versus Carter Verhaeghe in neutral zone.
9:14 of 2nd period - Will Smith is hit by Charlie Coyle and loses puck.
9:39 of 2nd period - Slapshot by William Nylander.
9:39 of 2nd period - Stopped by Ilya Sorokin without a rebound.
9:40 of 2nd period - Joe Pavelski wins face-off versus Jason Spezza in Penguins zone.
9:49 of 2nd period - Snap shot by Tyler Seguin.
9:49 of 2nd period - Stopped by Connor Ingram with a rebound.
9:51 of 2nd period - Slapshot by Ryan Pulock.
9:51 of 2nd period - Stopped by Connor Ingram with a rebound.
9:53 of 2nd period - Backhand shot by Mattias Ekholm.
9:53 of 2nd period - Shot Misses the Net.
9:55 of 2nd period - Wrist shot by Jake Guentzel.
9:55 of 2nd period - Shot Misses the Net.
10:05 of 2nd period - William Nylander is hit by Pat Maroon and loses puck.
10:28 of 2nd period - Wrist shot by Evan Rodrigues.
10:28 of 2nd period - Deflect By Charlie Coyle.
10:28 of 2nd period - Shot Misses the Net.
10:28 of 2nd period - Puck is out of play.
10:29 of 2nd period - Charlie Coyle wins face-off versus Dylan Strome in Maple Leafs zone.
10:54 of 2nd period - Ryan Pulock is hit by Will Smith and loses puck.
11:15 of 2nd period - Snap shot by William Nylander.
11:15 of 2nd period - Shot Misses the Net.
11:21 of 2nd period - Evgeny Svechnikov is hit by Kris Letang and loses puck.
11:48 of 2nd period - Dylan Strome is hit by Thomas Chabot and loses puck.
12:12 of 2nd period - Snap shot by Evan Rodrigues.
12:12 of 2nd period - Shot Blocked by Jake Bean.
12:24 of 2nd period - Tyler Seguin is hit by Calle Jarnkrok and loses puck.
12:45 of 2nd period - William Nylander is hit by Evgeny Svechnikov and loses puck.
12:52 of 2nd period - Snap shot by Sean Monahan.
12:52 of 2nd period - Shot Misses the Net.
13:12 of 2nd period - Snap shot by Brock McGinn.
13:12 of 2nd period - Stopped by Connor Ingram without a rebound.
13:13 of 2nd period - Dylan Strome wins face-off versus Zack MacEwen in Maple Leafs zone.
13:38 of 2nd period - Brock McGinn is hit by Ross Colton and loses puck.
13:47 of 2nd period - Slapshot by Arthur Kaliyev.
13:47 of 2nd period - Shot Misses the Net.
14:32 of 2nd period - Wrist shot by Joe Pavelski.
14:32 of 2nd period - Deflect By Jake Guentzel.
14:32 of 2nd period - Stopped by Connor Ingram without a rebound.
14:33 of 2nd period - Dylan Strome wins face-off versus Joe Pavelski in Maple Leafs zone.
15:21 of 2nd period - Slapshot by Jonathan Marchessault.
15:21 of 2nd period - Deflect By William Nylander.
15:21 of 2nd period - Shot Misses the Net.
15:21 of 2nd period - Puck is out of play.
15:22 of 2nd period - Dylan Strome wins face-off versus Charlie Coyle in Penguins zone.
15:47 of 2nd period - Kris Letang is hit by Pat Maroon and loses puck.
16:16 of 2nd period - Wrist shot by Dawson Mercer.
16:16 of 2nd period - Stopped by Ilya Sorokin with a rebound.
16:29 of 2nd period - Off-side.
16:30 of 2nd period - Dylan Strome wins face-off versus Joe Pavelski in neutral zone.
16:35 of 2nd period - Jake Guentzel is hit by Carter Verhaeghe and loses puck.
17:33 of 2nd period - Wrist shot by William Nylander.
17:33 of 2nd period - Stopped by Ilya Sorokin without a rebound.
17:34 of 2nd period - Dylan Strome wins face-off versus Evan Rodrigues in Penguins zone.
17:37 of 2nd period - Wrist shot by Dylan Strome.
17:37 of 2nd period - Goal by Dylan Strome - Penguins : 1 - Maple Leafs : 5.
17:38 of 2nd period - Charlie Coyle wins face-off versus Dylan Strome in neutral zone.
17:43 of 2nd period - Morgan Rielly is hit by Marc-Edouard Vlasic and loses puck.
17:52 of 2nd period - Wrist shot by Michael Bunting.
17:52 of 2nd period - Deflect By Carter Verhaeghe.
17:52 of 2nd period - Shot Misses the Net.
17:52 of 2nd period - Puck is out of play.
17:53 of 2nd period - Will Smith wins face-off versus Joe Pavelski in Penguins zone.
17:54 of 2nd period - Slapshot by Dawson Mercer.
17:54 of 2nd period - Shot Misses the Net.
18:19 of 2nd period - Thomas Chabot is hit by Carter Verhaeghe and loses puck.
18:44 of 2nd period - Morgan Rielly is hit by Evgeny Svechnikov and loses puck.
19:05 of 2nd period - Slapshot by Kris Letang.
19:05 of 2nd period - Stopped by Ilya Sorokin without a rebound.
19:06 of 2nd period - Will Smith wins face-off versus Zack MacEwen in Penguins zone.
19:33 of 2nd period - Snap shot by Jake Guentzel.
19:33 of 2nd period - Shot Misses the Net.
19:40 of 2nd period - Off-side.
19:41 of 2nd period - Charlie Coyle wins face-off versus William Nylander in neutral zone.
19:41 of 2nd period - Andrew Peeke and Joel Edmundson fight to a draw.
19:41 of 2nd period - Penalty to Andrew Peeke for Fighting.
19:41 of 2nd period - Penalty to Joel Edmundson for Fighting.
19:42 of 2nd period - Charlie Coyle wins face-off versus Dylan Strome in neutral zone.
19:45 of 2nd period - Morgan Rielly is hit by Matt Boldy and loses puck.
19:52 of 2nd period - Snap shot by Matt Boldy.
19:52 of 2nd period - Shot Blocked by Kris Letang.
19:54 of 2nd period - Wrist shot by Charlie Coyle.
19:54 of 2nd period - Stopped by Connor Ingram with a rebound.
19:56 of 2nd period - Snap shot by Charlie Coyle.
19:56 of 2nd period - Stopped by Connor Ingram without a rebound.
19:57 of 2nd period - Joe Pavelski wins face-off versus Will Smith in Maple Leafs zone.
Goals for this period are 0 for Penguins vs 3 for Maple Leafs.
Shots for this period are 11 for Penguins vs 16 for Maple Leafs.

3rd period


0:01 of 3rd period - Sean Monahan wins face-off versus Will Smith in neutral zone.
0:06 of 3rd period - Ryan Graves is hit by Evgeny Svechnikov and loses puck.
0:25 of 3rd period - Sean Monahan is hit by Dylan Strome and loses puck.
0:34 of 3rd period - Slapshot by Mattias Ekholm.
0:34 of 3rd period - Stopped by Connor Ingram with a rebound.
1:07 of 3rd period - Icing by Sean Durzi.
1:08 of 3rd period - Charlie Coyle wins face-off versus Will Smith in Maple Leafs zone.
2:06 of 3rd period - Minor Penalty to Nick Suzuki for Hooking.
2:07 of 3rd period - Joe Pavelski wins face-off versus William Nylander in Maple Leafs zone.
2:13 of 3rd period - Snap shot by Tyler Seguin.
2:13 of 3rd period - Shot Misses the Net.
2:15 of 3rd period - Wrist shot by Joe Pavelski.
2:15 of 3rd period - Stopped by Connor Ingram with a rebound.
2:17 of 3rd period - Snap shot by Thomas Chabot.
2:17 of 3rd period - Goal by Thomas Chabot - Penguins : 2 - Maple Leafs : 5.
2:18 of 3rd period - Charlie Coyle wins face-off versus Dylan Strome in neutral zone.
2:31 of 3rd period - Slapshot by Matt Boldy.
2:31 of 3rd period - Deflect By Charlie Coyle.
2:31 of 3rd period - Stopped by Connor Ingram without a rebound.
2:32 of 3rd period - Joe Pavelski wins face-off versus William Nylander in Maple Leafs zone.
2:47 of 3rd period - Snap shot by Tyler Seguin.
2:47 of 3rd period - Goal by Tyler Seguin - Penguins : 3 - Maple Leafs : 5.
2:48 of 3rd period - Charlie Coyle wins face-off versus Michael Bunting in neutral zone.
2:48 of 3rd period - Evan Rodrigues is hit by Michael Bunting.
3:05 of 3rd period - Icing by Jake Bean.
3:06 of 3rd period - Dylan Strome wins face-off versus Sean Monahan in Maple Leafs zone.
3:06 of 3rd period - Dylan Strome is hit by Pat Maroon.
3:30 of 3rd period - Wrist shot by Carter Verhaeghe.
3:30 of 3rd period - Stopped by Ilya Sorokin with a rebound.
4:01 of 3rd period - Minor Penalty to Dylan Strome for Hooking.
4:02 of 3rd period - William Nylander wins face-off versus Charlie Coyle in Maple Leafs zone.
4:41 of 3rd period - Penalty to Andrew Peeke is over, Andrew Peeke is back on ice.
5:20 of 3rd period - Thomas Chabot is hit by Nick Suzuki and loses puck.
6:01 of 3rd period - Penalty to Dylan Strome is over, Dylan Strome is back on ice.
6:24 of 3rd period - Wrist shot by Will Smith.
6:24 of 3rd period - Shot Misses the Net.
6:26 of 3rd period - Snap shot by Dawson Mercer.
6:26 of 3rd period - Shot Blocked by Arthur Kaliyev.
6:28 of 3rd period - Slapshot by Kris Letang.
6:28 of 3rd period - Shot Blocked by Marc-Edouard Vlasic.
6:30 of 3rd period - Snap shot by Ross Colton.
6:30 of 3rd period - Stopped by Ilya Sorokin with a rebound.
6:32 of 3rd period - Snap shot by Ross Colton.
6:32 of 3rd period - Stopped by Ilya Sorokin with a rebound.
6:42 of 3rd period - Marc-Edouard Vlasic is hit by William Nylander and loses puck.
7:28 of 3rd period - Minor Penalty to Kris Letang for Boarding.
7:29 of 3rd period - Charlie Coyle wins face-off versus William Nylander in Maple Leafs zone.
7:35 of 3rd period - Off-side.
7:36 of 3rd period - Charlie Coyle wins face-off versus William Nylander in neutral zone.
7:49 of 3rd period - Snap shot by Evan Rodrigues.
7:49 of 3rd period - Shot Misses the Net.
7:51 of 3rd period - Snap shot by Matt Boldy.
7:51 of 3rd period - Shot Misses the Net.
8:05 of 3rd period - Wrist shot by Nick Suzuki.
8:05 of 3rd period - Shot Misses the Net.
8:07 of 3rd period - Slapshot by Dylan Strome.
8:07 of 3rd period - Stopped by Ilya Sorokin with a rebound.
8:09 of 3rd period - Slapshot by Ryan Graves.
8:09 of 3rd period - Deflect By Dylan Strome.
8:09 of 3rd period - Stopped by Ilya Sorokin without a rebound.
8:10 of 3rd period - Dylan Strome wins face-off versus Charlie Coyle in Penguins zone.
8:17 of 3rd period - Slapshot by Dylan Strome.
8:17 of 3rd period - Stopped by Ilya Sorokin with a rebound.
8:35 of 3rd period - Nick Suzuki is hit by Joe Pavelski and loses puck.
8:40 of 3rd period - Wrist shot by Jake Guentzel.
8:40 of 3rd period - Goal by Jake Guentzel - Penguins : 4 - Maple Leafs : 5.
8:41 of 3rd period - Joe Pavelski wins face-off versus William Nylander in neutral zone.
9:31 of 3rd period - Sean Durzi is hit by Sean Monahan and loses puck.
9:52 of 3rd period - Snap shot by William Nylander.
9:52 of 3rd period - Stopped by Ilya Sorokin with a rebound.
10:06 of 3rd period - Ross Colton is hit by Jake Guentzel and loses puck.
10:41 of 3rd period - Slapshot by Pat Maroon.
10:41 of 3rd period - Deflect By Sean Monahan.
10:41 of 3rd period - Shot Blocked by Dawson Mercer.
10:41 of 3rd period - Puck is out of play.
10:42 of 3rd period - Charlie Coyle wins face-off versus Nick Suzuki in Maple Leafs zone.
10:49 of 3rd period - Slapshot by Matt Boldy.
10:49 of 3rd period - Stopped by Connor Ingram with a rebound.
10:57 of 3rd period - Snap shot by William Nylander.
10:57 of 3rd period - Shot Misses the Net.
11:13 of 3rd period - Snap shot by Jake Guentzel.
11:13 of 3rd period - Stopped by Connor Ingram with a rebound.
13:04 of 3rd period - Snap shot by Sean Monahan.
13:04 of 3rd period - Stopped by Connor Ingram without a rebound.
13:05 of 3rd period - Sean Monahan wins face-off versus Jason Spezza in Maple Leafs zone.
13:12 of 3rd period - Slapshot by Jake Bean.
13:12 of 3rd period - Stopped by Ilya Sorokin with a rebound.
13:14 of 3rd period - Slapshot by Jake Bean.
13:14 of 3rd period - Shot Blocked by Alex Goligoski.
13:16 of 3rd period - Snap shot by Jake Bean.
13:16 of 3rd period - Shot Blocked by Pat Maroon.
13:18 of 3rd period - Slapshot by Pierre Engvall.
13:18 of 3rd period - Stopped by Ilya Sorokin without a rebound.
13:19 of 3rd period - Joe Pavelski wins face-off versus William Nylander in Penguins zone.
13:59 of 3rd period - Slapshot by Morgan Rielly.
13:59 of 3rd period - Shot Blocked by Ryan Pulock.
14:01 of 3rd period - Snap shot by Will Smith.
14:01 of 3rd period - Deflect By Ross Colton.
14:01 of 3rd period - Shot Misses the Net.
14:01 of 3rd period - Puck is out of play.
14:02 of 3rd period - Dylan Strome wins face-off versus Sean Monahan in Penguins zone.
14:57 of 3rd period - Snap shot by Evan Rodrigues.
14:57 of 3rd period - Stopped by Connor Ingram with a rebound.
15:42 of 3rd period - Tyler Seguin is hit by Nick Suzuki and loses puck.
16:28 of 3rd period - Dawson Mercer is hit by Matt Boldy and loses puck.
17:33 of 3rd period - Slapshot by Morgan Rielly.
17:33 of 3rd period - Stopped by Ilya Sorokin without a rebound.
17:34 of 3rd period - Joe Pavelski wins face-off versus William Nylander in Penguins zone.
17:43 of 3rd period - Slapshot by Thomas Chabot.
17:43 of 3rd period - Stopped by Connor Ingram without a rebound.
17:44 of 3rd period - Joe Pavelski wins face-off versus William Nylander in Maple Leafs zone.
17:51 of 3rd period - Slapshot by Joe Pavelski.
17:51 of 3rd period - Goal by Joe Pavelski - Penguins : 5 - Maple Leafs : 5.
17:52 of 3rd period - Sean Monahan wins face-off versus Will Smith in neutral zone.
17:55 of 3rd period - Snap shot by Pat Maroon.
17:55 of 3rd period - Shot Blocked by Jake Bean.
18:01 of 3rd period - Pat Maroon is hit by Jake Bean and loses puck.
18:29 of 3rd period - Slapshot by Joe Pavelski.
18:29 of 3rd period - Stopped by Connor Ingram without a rebound.
18:30 of 3rd period - Will Smith wins face-off versus Charlie Coyle in Maple Leafs zone.
18:30 of 3rd period - Will Smith is hit by Matt Boldy.
18:33 of 3rd period - Minor Penalty to Kris Letang for Hooking.
18:34 of 3rd period - Joe Pavelski wins face-off versus William Nylander in Maple Leafs zone.
18:46 of 3rd period - Wrist shot by Jake Guentzel.
18:46 of 3rd period - Shot Blocked by Jake Bean.
18:48 of 3rd period - Wrist shot by Joe Pavelski.
18:48 of 3rd period - Shot Blocked by Morgan Rielly.
18:50 of 3rd period - Wrist shot by Tyler Seguin.
18:50 of 3rd period - Stopped by Connor Ingram without a rebound.
18:51 of 3rd period - Dylan Strome wins face-off versus Charlie Coyle in Maple Leafs zone.
Goals for this period are 4 for Penguins vs 0 for Maple Leafs.
Shots for this period are 14 for Penguins vs 10 for Maple Leafs.

Overtime #1


0:01 of 1st overtime period - William Nylander wins face-off versus Joe Pavelski in neutral zone.
0:32 of 1st overtime period - Wrist shot by Matt Boldy.
0:32 of 1st overtime period - Shot Misses the Net.
0:33 of 1st overtime period - Penalty to Kris Letang is over, Kris Letang is back on ice.
1:18 of 1st overtime period - Slapshot by Kris Letang.
1:18 of 1st overtime period - Stopped by Ilya Sorokin with a rebound.
1:36 of 1st overtime period - Michael Bunting is hit by Evan Rodrigues and loses puck.
1:55 of 1st overtime period - Carter Verhaeghe is hit by Mattias Ekholm and loses puck.
2:07 of 1st overtime period - Off-side.
2:08 of 1st overtime period - Jonathan Marchessault wins face-off versus Joe Pavelski in neutral zone.
2:33 of 1st overtime period - Thomas Chabot is hit by Dylan Strome and loses puck.
4:42 of 1st overtime period - Joe Pavelski is hit by Carter Verhaeghe and loses puck.
Goals for this period are 0 for Penguins vs 0 for Maple Leafs.
Shots for this period are 0 for Penguins vs 1 for Maple Leafs.

ShootOut


5:00 of 1st overtime period - Round #1.
5:00 of 1st overtime period - Penguins, Joe Pavelski.
5:00 of 1st overtime period - Snap shot by Joe Pavelski.
5:00 of 1st overtime period - Stopped by Connor Ingram.
5:00 of 1st overtime period - Maple Leafs, William Nylander.
5:00 of 1st overtime period - Snap shot by William Nylander.
5:00 of 1st overtime period - Stopped by Ilya Sorokin.
5:00 of 1st overtime period - Round #2.
5:00 of 1st overtime period - Penguins, Jake Guentzel.
5:00 of 1st overtime period - Backhand shot by Jake Guentzel.
5:00 of 1st overtime period - Stopped by Connor Ingram.
5:00 of 1st overtime period - Maple Leafs, Jonathan Marchessault.
5:00 of 1st overtime period - Wrist shot by Jonathan Marchessault.
5:00 of 1st overtime period - Stopped by Ilya Sorokin.
5:00 of 1st overtime period - Round #3.
5:00 of 1st overtime period - Penguins, Matt Boldy.
5:00 of 1st overtime period - Snap shot by Matt Boldy.
5:00 of 1st overtime period - Goal by Matt Boldy.
5:00 of 1st overtime period - Maple Leafs, Dylan Strome.
5:00 of 1st overtime period - Wrist shot by Dylan Strome.
5:00 of 1st overtime period - Stopped by Ilya Sorokin.